 Dungeon Crawl Stone Soup version 0.27-a0-1060-gcb85b5eba1 (webtiles) character file.

Game seed: 13052146338339836229

24 HendSelp the Cutter (level 2, 0/16 HPs)
             Began as a Spriggan Abyssal Knight on Apr 21, 2021.
             Was an Initiate of Gozag.
             Slain by a small abomination (16 damage)
             ... created by the touch of Lugonu
             ... on level 2 of the Dungeon.
             The game lasted 00:01:25 (1861 turns).

HendSelp the Cutter (Spriggan Abyssal Knight)       Turns: 1861, Time: 00:01:26

Health: 0/16       AC:  2    Str:  8    XL:     2   Next: 79%
Magic:  4/4        EV: 17    Int: 13    God:    Gozag
Gold:   113        SH:  0    Dex: 14    Spells: 1/1 levels left

rFire    . . .     SeeInvis +   a - +1 short sword
rCold    . . .     Faith    .   (shield restricted)
rNeg     . . .     Spirit   .   b - +0 robe
rPois    .         Reflect  .   (helmet restricted)
rElec    .         Harm     .   (no cloak)
rCorr    .         Rampage  .   (gloves unavailable)
Will     .....                  (boots unavailable)
Stlth    +.........             (no amulet)
HPRegen  0.05/turn              (no ring)
MPRegen  0.09/turn              (no ring)

@: very quick
A: very small, no large weapons, unfitting armour, see invisible, speed 3
a: Renounce Religion, Potion Petition, Call Merchant, Bribe Branch


You were on level 2 of the Dungeon.
You worshipped Gozag.
Gozag was aware of your devotion.
You visited 1 branch of the dungeon, and saw 2 of its levels.
You visited the Abyss 1 time.

You collected 113 gold pieces.

Inventory:

Hand Weapons
 a - a +1 short sword (weapon)
Armour
 b - a +0 robe (worn)
Jewellery
 c - a ring of wizardry
Scrolls
 d - a scroll of fear {unknown}
 f - a scroll of silence {unknown}
Potions
 e - a potion of lignification {unknown}
 g - a potion of attraction {unknown}
 h - a potion of curing {unknown}


   Skills:
 - Level 2.5 Fighting
 + Level 3.5 Short Blades
 - Level 3.2 Dodging
 - Level 1.8 Invocations


You had one spell level left.
You didn't know any spells.
Your spell library was empty.

Dungeon Overview and Level Annotations

Branches:
Dungeon (2/15)

Altars:
Gozag


Innate Abilities, Weirdness & Mutations

You are very small and have problems with some larger weapons.
You are too small for most types of armour.
You have supernaturally acute eyesight. (SInv)
You cover ground extremely quickly. (Speed+++)


Message History

A giant cockroach is nearby!
A giant cockroach is nearby!
A giant cockroach is nearby!
You hit the giant cockroach.
The giant cockroach is severely wounded.
The giant cockroach bites you.
A giant cockroach is nearby!
You hit the giant cockroach.
You kill the giant cockroach!
You now have 113 gold pieces (gained 5).
Key pressed, stopping explore.
No target in view!
No target in view!
You open the door.
Found an escape hatch in the floor.
No target in view!
There is an open door here.
Key pressed, stopping explore.
No target in view!
No target in view!
Found a stone staircase leading up.
No target in view!
There is an escape hatch in the floor here.
Lugonu's wrath scatters you! Lugonu sends minions to punish you.
A small abomination comes into view.
You hit the small abomination but do no damage.
A small abomination is nearby!
You hit the small abomination but do no damage.
The small abomination misses you.
Unknown command.
Press: ? - help, v - describe, . - travel
Here: a small abomination (durably summoned)
The floor.
Unknown command.
Unknown command.
You hit the small abomination but do no damage.
The small abomination hits you!
Ouch! That really hurt!
You die...
Your body crumbles into a pile of gold.

..'.....#
#.#........##.#.#.#.#.
#.#.....#
#.#........##.#.#.#.#.
#.#.....#
#.#........##.#.#.#.#.
#.#.....#
#.######'#.##.#.#.#.#.
#.#####.# #.#
#.#.##.#.#.#.#. #.#
..#
#.######.#.#..........
#.# ..
...<...>.#.#..#.#...##
#.#
....####.#.#..#.#.#.#
. #@...#.#..#.#.#.#
#x####.#..#.#.#.# #.#
#.#..#.#.#.#
#.####.#..#.#.#.#
#.........#.#.#.#
#.####.##.#.#.#.# #.#
#.#..#.#.#.#
######.##.....#.#
...<.......#.###.#


You could see a small abomination.

Vanquished Creatures
  A worm (D:2)
  A bat (D:1)
  An endoplasm (D:1)
  2 giant cockroaches
  A goblin (D:1)
  5 hobgoblins
  2 kobolds (D:1)
  A quokka (D:1)
  2 ball pythons
  A frilled lizard (D:1)
  A rat (D:1)
18 creatures vanquished.

Vanquished Creatures (others)
  A plant (D:1)
  4 withered plants (D:1)
5 creatures vanquished.

Grand Total: 23 creatures vanquished

Notes
Turn   | Place    | Note
-------+----------+-------------------------------------------
     0 | Abyss:1  | HendSelp the Spriggan Abyssal Knight began the quest for
                  | the Orb.
     0 | Abyss:1  | Reached XP level 1. HP: 11/11 MP: 3/3
    48 | Abyss:1  | Noticed a large abomination
    56 | D:1      | Escaped the Abyss
   631 | D:1      | Reached XP level 2. HP: 15/16 MP: 4/4
   738 | D:1      | Found a faded altar of an unknown god.
   833 | D:1      | Reached * piety under Lugonu
  1363 | D:1      | Fell from the grace of Lugonu
  1363 | D:1      | Became a worshipper of Gozag Ym Sagoz the Greedy
  1859 | D:2      | Noticed a small abomination
  1861 | D:2      | Slain by a small abomination

Illustrated notes

Levels and vault maps discovered:
D:1:      nzn_arrival_crosshair, layout_loops_ring,
          shapermc_ecumenical_altar_flowoftime
D:2:      layout_basic

Skill      XL: |  1  2 |
---------------+-------+-----
Short Blades   | 3 |  3.5
Fighting       | |  2.5
Dodging        | |  3.2
Invocations    | |  1.8

Action                   || total
-------------------------++-------
Melee: Short sword       ||   111
Invok: Depart the Abyss  ||     1
 Stab: Sleeping          ||     1
Armor: Robe              ||    10
Dodge: Dodged            ||    49

Table legend: (Time is in decaauts)
 A = Elapsed time spent in this place.
 B = Non-inter-level travel time spent in this place.
 C = Inter-level travel time spent in this place.
 D = Time resting spent in this place.
 E = Time spent auto-exploring this place.
 F = Levels seen in this place.
 G = Mean time per level.
                   A        B        C        D        E       F      G
               +--------+--------+--------+--------+--------+-----+--------+
         Total |   1467 |   1453 |     14 |      0 |   1284 |   3 |  489.0 |
       Dungeon |   1431 |   1417 |     14 |      0 |   1258 |   2 |  715.5 |
         Abyss |     36 |     36 |      0 |      0 |     25 |   1 |   36.0 |
               +--------+--------+--------+--------+--------+-----+--------+

Top non-repeatable levels by time:
     D:1: 1060 daAuts
     D:2: 371 daAuts
 Abyss:1: 36 daAuts
